 Dungeon Crawl Stone Soup version 0.32-a0-131-g9dbbe29261 (webtiles) character file.

Game seed: 9315282602291128671

175 hipposaver the Trooper (level 5, -7/45 HPs)
             Began as a Demigod Fighter on Feb 8, 2024.
             Mangled by an ogre
             ... wielding a +0 giant spiked club
              (26 damage)
             ... on level 4 of the Dungeon.
             The game lasted 00:05:02 (2738 turns).

hipposaver the Trooper (Demigod Fighter)            Turns: 2738, Time: 00:05:03

Health: -7/45      AC:  8    Str: 21    XL:     5   Next: 8%
Magic:  7/7        EV:  9    Int: 10    God:
Gold:   178        SH:  5    Dex: 13    Spells: 4/4 levels left

rFire   . . .        a - +0 war axe
rCold   . . .        c - +0 buckler
rNeg    . . .        b - +0 scale mail
rPois   .            (no helmet)
rElec   .            l - +0 cloak
rCorr   .            (no gloves)
SInv    .            (no boots)
Will    .....        (no amulet) Stlth
                     (no ring)
HPRegen 0.27/turn    (no ring)
MPRegen 0.10/turn

%: no passive effects
@: mighty
A: high MP 1, forlorn, divine attributes
a: no special abilities


You were on level 4 of the Dungeon.
You visited 1 branch of the dungeon, and saw 4 of its levels.

You collected 178 gold pieces.

Inventory:

Hand Weapons
 a - a +0 war axe (weapon)
Armour
 b - a +0 scale mail (worn)
 c - a +0 buckler (worn)
 l - a +0 cloak (worn)
Jewellery
 k - a +6 ring of intelligence
 m - a ring of fire
Potions
 e - a potion of brilliance {unknown}
 f - 2 potions of heal wounds
 g - 2 potions of enlightenment
 h - a potion of haste {unknown}
 i - 2 potions of berserk rage {unknown}
 j - 2 potions of ambrosia {unknown}


   Skills:
 + Level 3.6 Fighting
 + Level 2.9 Axes
 + Level 3.5 Armour
 + Level 3.5 Shields


You had 4 spell levels left.
You didn't know any spells.
Your spell library contained the following spells:

 Spells                   Type           Power      Damage    Failure   Level
 Ozocubu's Armour         Ice            0%         N/A       98%         3
 Metabolic Englaciation   Hex/Ice        0%         N/A       100%        5
 Sculpt Simulacrum        Ice/Alch       0%         N/A       100%        6


Dungeon Overview and Level Annotations

Branches:
Dungeon (4/15)
 Temple: D:4-7

Shops:
D:2 *

Annotations:
D:3 2 runed translucent doors, Crazy Yiuf; zenocrate's ghost, amateur HODe
D:4 Sigmund


Innate Abilities, Weirdness & Mutations

You have an increased reservoir of magic. (+10% MP)
You shall have no god before yourself.
Your divine heritage dramatically boosts your attributes as you level up.


Message History

Things that are here:
a stone; a +0 dagger The bullfrog gives a loud, deep croak!
You hear an angry hiss. x2
Zenocrate's ghost turns its malevolent gaze towards you.
As you open the door, it creaks loudly!
You now have 178 gold pieces (gained 17).
You open the door.
There is an open door, spattered with blood here.
You see here a hobgoblin skeleton.
You see here the felid skeleton of Natasha.
There is an open door here.
Found a hammer.
Found a runed translucent door.
Crazy Yiuf shouts!
You see here a +0 plate armour.
The adder hisses angrily.
You hear a croak.
The bullfrog gives a loud, deep croak!
The adder hisses angrily.
Zenocrate's ghost turns its malevolent gaze towards you.
Could not explore, unopened runed door.
Could not explore, unopened runed door.
Could not explore, unopened runed door.
You aren't carrying any scrolls.
You see here 7 stones.
There is an open door, spattered with blood here.
You see here a hobgoblin skeleton.
There is a stone staircase leading down here.
You climb downwards.
There is a stone staircase leading up here.
An ogre comes into view. It is wielding a +0 giant spiked club.
The ogre shouts!
You hear an angry hiss.
You feel very mighty all of a sudden. The ogre hits you but does no damage.
Sigmund the Dreaded comes into view.
He is wielding a +0 scythe.
You closely miss the ogre.
The ogre hits you with a +0 giant spiked club!!
Ouch! That really hurt!
You slash the ogre!
The ogre is severely wounded.
The ogre hits you with a +0 giant spiked club!!
Ouch! That really hurt!
You die...

# .# ..#
.############...#
.......<...@O...#
#############@....#
..... .... ###


You could see an ogre and Sigmund.

Vanquished Creatures
  A hound (D:3)
  Natasha (thrice) (D:3)
  An adder (D:2)
  2 ribbon worms (D:2)
  2 dart slugs
  An orc (D:3)
  3 endoplasms
  4 giant cockroaches
  7 hobgoblins
  8 jackals
  3 kobolds
  2 quokkas
  A ball python (D:1)
  5 bats
  3 frilled lizards
  3 goblins
  A rat (D:3)
50 creatures vanquished.

Notes
Turn   | Place    | Note
-------+----------+-------------------------------------------
     0 | D:1      | hipposaver the Demigod Fighter began the quest for the Orb.
     0 | D:1      | Reached XP level 1. HP: 18/18 MP: 3/3
   316 | D:1      | Reached XP level 2. HP: 25/25 MP: 4/4
  1289 | D:2      | Reached XP level 3. HP: 31/31 MP: 5/5
  1656 | D:2      | Found Cyjich's General Store.
  1878 | D:3      | Noticed Natasha
  1940 | D:3      | Killed Natasha
  2021 | D:3      | Found a runed translucent door.
  2021 | D:3      | Noticed a bullfrog
  2032 | D:3      | Reached XP level 4. HP: 38/38 MP: 6/6
  2032 | D:3      | Noticed zenocrate's ghost (amateur HODe)
  2128 | D:3      | Noticed Natasha
  2141 | D:3      | Killed Natasha
  2151 | D:3      | Noticed Natasha
  2164 | D:3      | Killed Natasha
  2260 | D:3      | Reached XP level 5. HP: 35/45 MP: 7/7
  2588 | D:3      | Found a runed translucent door.
  2589 | D:3      | Noticed Crazy Yiuf
  2730 | D:4      | Noticed an ogre
  2736 | D:4      | Noticed Sigmund
  2738 | D:4      | Mangled by an ogre

Illustrated notes

Levels and vault maps discovered:
D:1:      dpeg_arrival_arbitrary_c, layout_basic
D:2:      layout_basic, serial_shops, shop
D:3:      layout_basic, general_overflow_altar, ebering_ghost_sewer_d,
          dk_noncrumbling_2, uniq_crazy_yiuf_cottage, uniq_natasha
D:4:      layout_rooms, lemuel_coloured_pillars_altar,
          mainiacjoe_overflow_24_doors, uniq_pikel, uniq_sigmund

Skill      XL: |  1  2 |
---------------+-------+-----
Axes           | 2 |  2.9
Fighting       | 3 |  3.6
Armour         | 3 |  3.5
Shields        | 3 |  3.5

Action                     |  1- 3 |  4- 6 || total
---------------------------+-------+-------++-------
  Melee: War axe           |   103 |    54 ||   157
    Use: Scroll            |     5 |       ||     5
         Potion            |       |     1 ||     1
 Armour: Scale mail        |    77 |    45 ||   122
  Dodge: Dodged            |    56 |    32 ||    88
  Block: Buckler           |    24 |     8 ||    32

Table legend: (Time is in decaauts)
 A = Elapsed time spent in this place.
 B = Non-inter-level travel time spent in this place.
 C = Inter-level travel time spent in this place.
 D = Time resting spent in this place.
 E = Time spent auto-exploring this place.
 F = Levels seen in this place.
 G = Mean time per level.
                   A        B        C        D        E       F      G
               +--------+--------+--------+--------+--------+-----+--------+
         Total |   2822 |   2778 |     44 |    260 |   1964 |   4 |  705.5 |
       Dungeon |   2822 |   2778 |     44 |    260 |   1964 |   4 |  705.5 |
               +--------+--------+--------+--------+--------+-----+--------+

Top non-repeatable levels by time:
     D:1: 951 daAuts
     D:3: 937 daAuts
     D:2: 921 daAuts
     D:4: 11 daAuts
